 Dungeon Crawl Stone Soup version 0.29.1-12-g30fa7ad0bf (webtiles) character file.

Game seed: 3820901659535675278

3094 Linkola the Basher (level 9, -5/79 HPs)
             Began as a Minotaur Fighter on Dec 12, 2022.
             Slain by a yak (12 damage)
             ... on level 8 of the Dungeon.
             The game lasted 00:12:53 (7633 turns).

Linkola the Basher (Minotaur Fighter)               Turns: 7633, Time: 00:12:54

Health: -5/79      AC: 17    Str: 26    XL:     9   Next: 59%
Magic:  8/8        EV: 12    Int:  5    God:
Gold:   371        SH:  0    Dex:  9    Spells: 8/8 levels left

rFire   . . .      SeeInvis +   w - +2 dire flail (protect)
rCold   . . .      Faith    .   (shield currently unavailable)
rNeg    + . .      Spirit   .   h - +3 ring mail {rN+}
rPois   .          Reflect  .   (helmet restricted)
rElec   .          Harm     .   (no cloak)
rCorr   +          Rampage  .   v - +0 pair of gloves
Will    .....                   (no boots)
Stlth   ..........              (no amulet)
HPRegen 0.23/turn               f - ring of resist corrosion
MPRegen 0.11/turn               j - ring of see invisible

@: mighty, lethally poisoned (-5 -> -7), under a protective aura
A: horns 2, retaliatory headbutt
a: no special abilities


You were on level 8 of the Dungeon.
You visited 2 branches of the dungeon, and saw 9 of its levels.

You collected 371 gold pieces.

Inventory:

Hand Weapons
 w - a +2 dire flail of protection (weapon)
Missiles
 b - 3 boomerangs (quivered)
 l - 6 javelins
Armour
 h - a +3 ring mail of positive energy (worn)
 v - a +0 pair of gloves (worn)
Jewellery
 f - a ring of resist corrosion (left hand)
 j - a ring of see invisible (right hand)
 r - a ring of poison resistance
Wands
 a - a wand of quicksilver (8)
 i - a wand of digging (2)
Scrolls
 e - 2 scrolls of butterflies
 n - 2 scrolls of teleportation
 s - a scroll of identify
 u - 2 scrolls of magic mapping
Potions
 d - a potion of might
 g - a potion of resistance
 k - a potion of mutation {unknown}
 m - 2 potions of curing {unknown}
 o - a potion of degeneration {unknown}
 p - a potion of lignification {unknown}
 q - 2 potions of berserk rage {unknown}


   Skills:
 + Level 7.0 Fighting
 + Level 10.0 Maces & Flails
 * Level 6.2 Throwing
 + Level 7.1 Armour
 + Level 3.8 Dodging
 + Level 5.1 Shields


You had 8 spell levels left.
You didn't know any spells.
Your spell library contained the following spells:

 Spells                   Type           Power      Damage    Failure   Level
 Summon Small Mammal      Summ           0%         N/A       58%         1
 Static Discharge         Conj/Air       0%         3-3/arc   75%         2
 Call Canine Familiar     Summ           0%         N/A       92%         3
 Summon Guardian Golem    Hex/Summ       0%         N/A       92%         3
 Dispel Undead            Necr           0%         3d6       100%        4
 Sticky Flame             Conj/Fire      0%         2d3       100%        4


Dungeon Overview and Level Annotations

Branches:
Dungeon (8/15)             Temple (1/1) D:4
   Lair: D:8-11

Altars:
Ashenzari
Cheibriados
Dithmenos
Elyvilon
Gozag
Hepliaklqana
Kikubaaqudgha
Makhleb
Nemelex Xobeh
Okawaru
Qazlal
Ru
Trog
Uskayaw
Vehumet
Xom
Zin
The Shining One


Innate Abilities, Weirdness & Mutations

You have a pair of horns on your head.
You reflexively headbutt those who attack you in melee.


Message History

You impale the water moccasin!!
Your weapon exudes an aura of protection.
You kill the water moccasin!
You feel very sick.
Your Fighting skill increases to level 7!
You closely miss the orc wizard.
You feel sick. The orc wizard casts a spell at you.
The puff of flame misses you.
You closely miss the orc wizard. You headbutt the orc wizard!
The orc wizard is almost dead.
You feel sick.
You closely miss the orc wizard.
The orc wizard is almost dead.
You feel sick.
The orc wizard hits you but does no damage.
You closely miss the orc wizard.
The orc wizard is almost dead.
You feel sick. The orc wizard closely misses you.
You barely miss the orc wizard.
The orc wizard is almost dead.
You feel sick.
The orc wizard hits you but does no damage.
You sock the orc wizard!
Your weapon exudes an aura of protection.
You kill the orc wizard!
You feel sick.
Your Maces & Flails skill increases to level 10!
You hit the yak.
The yak is lightly wounded.
You feel sick.
You closely miss the yak.
The yak is lightly wounded.
You feel sick. The yak barely misses you.
You barely miss the yak. Your headbutt misses the yak.
The yak is lightly wounded.
You feel sick. The yak closely misses you.
You bludgeon the yak!!
The yak is severely wounded.
The yak gores you!
You die...

....##.# #..#...###
..#......## ##...#....#####
#.#..........#####.#
#......>...........# ####
#..###..####...#######.....
####...## ###†#####†...P..
#......# #.@Y)).†......
#...#.#### ########....P.
#.#......# ..... #...#.##.#
s... ##.##.##.# .P.
#.##.##.##########. ..
................... .
#.#...#####.#######. #.###
#.#


You could see a yak.

Vanquished Creatures
  Sigmund (D:7)
  A wyvern (D:8)
  A steam dragon (D:8)
  Edmund (D:7)
  2 water moccasins
  An orc warrior (D:8)
  2 black bears (D:8)
  2 ice beasts
  2 sky beasts (D:7)
  3 ogres
  3 phantoms
  6 bullfrogs
  A necrophage (D:6)
  3 scorpions
  3 howler monkeys (D:8)
  A jelly (D:6)
  2 orc priests
  A hound (D:6)
  2 iguanas
  5 orc wizards
  4 adders
  4 gnolls (D:3)
  A shadow imp (D:5)
  A white imp (D:7)
  A worm (D:2)
  3 dart slugs
  20 orcs
  7 ball pythons
  4 endoplasms
  4 giant cockroaches
  6 goblins
  3 hobgoblins
  13 jackals (D:1)
  4 quokkas
  4 bats
  2 frilled lizards (D:1)
  5 kobolds
  2 rats
131 creatures vanquished.

Vanquished Creatures (others)
  56 fungi (D:8)
  39 plants (D:8)
95 creatures vanquished.

Grand Total: 226 creatures vanquished

Notes
Turn   | Place    | Note
-------+----------+-------------------------------------------
     0 | D:1      | Linkola the Minotaur Fighter began the quest for the Orb.
     0 | D:1      | Reached XP level 1. HP: 19/19 MP: 0/0
    38 | D:1      | Reached XP level 2. HP: 23/27 MP: 1/1
   230 | D:1      | Reached XP level 3. HP: 33/33 MP: 2/2
  1031 | D:2      | Reached skill level 1 in Throwing
  1734 | D:2      | You fall into a shaft and drop 2 floors!
  1886 | D:4      | Reached skill level 3 in Maces & Flails
  1886 | D:4      | Reached XP level 4. HP: 32/40 MP: 3/3
  2064 | D:4      | Found a staircase to the Ecumenical Temple.
  2089 | Temple   | Entered the Ecumenical Temple
  2944 | D:4      | Reached XP level 5. HP: 38/46 MP: 4/4
  3176 | D:5      | Entered Level 5 of the Dungeon
  3258 | D:5      | Found a glowing silver altar of Zin.
  3266 | D:5      | Noticed a water moccasin
  3271 | D:5      | Killed a water moccasin
  3272 | D:5      | Reached skill level 4 in Maces & Flails
  3281 | D:5      | Reached skill level 5 in Armour
  3281 | D:5      | Reached skill level 1 in Dodging
  3281 | D:5      | Reached XP level 6. HP: 30/53 MP: 5/5
  3595 | D:5      | Reached skill level 5 in Maces & Flails
  3601 | D:5      | Reached XP level 7. HP: 17/60 MP: 6/6
  3849 | D:5      | Found a snail-covered altar of Cheibriados.
  4229 | D:5      | Reached skill level 5 in Fighting
  4229 | D:5      | Reached skill level 6 in Maces & Flails
  4394 | D:5      | Found a broken altar of Ashenzari.
  4751 | D:3      | Identified the +3 leather armour of Responsibility {rF+
                  | Regen+ rCorr MP+9}
  5592 | D:6      | Reached XP level 8. HP: 68/68 MP: 7/7
  5826 | D:6      | Reached skill level 7 in Maces & Flails
  5953 | D:6      | Found a sacrificial altar of Ru.
  6472 | D:7      | Reached skill level 5 in Throwing
  6675 | D:7      | Reached skill level 8 in Maces & Flails
  6955 | D:7      | Noticed Edmund
  6981 | D:7      | Killed Edmund
  7163 | D:7      | Noticed Sigmund
  7171 | D:7      | Killed Sigmund
  7323 | D:7      | Reached XP level 9. HP: 62/75 MP: 8/8
  7479 | D:8      | Reached skill level 5 in Shields
  7517 | D:8      | Reached skill level 9 in Maces & Flails
  7630 | D:8      | Reached skill level 10 in Maces & Flails
  7633 | D:8      | Slain by a yak

Illustrated notes

Levels and vault maps discovered:
D:1:      dpeg_arrival_water_fire, layout_basic
D:2:      layout_basic, corexii_corridor_pit, guppyfry_early_lair_pool
D:3:      layout_loops_ring
D:4:      layout_loops_cross, minmay_temple_entry_statues_fountains,
          grunt_ministairs_14
D:5:      layout_cave_pools, kennysheep_slug_shrine,
          mainiacjoe_overflow_big_doors
D:6:      layout_basic, mainiacjoe_overflow_alcove_2
D:7:      layout_loops_ring, minmay_misc_feat_diagonals,
          sigmund_edmund_badplayer
D:8:      layout_loops_ring, general_overflow_altar,
          due_lair_maze_entry_diamond, hangedman_abyss_or_decor_jellyfish_corner
Temple:   minmay_temple_curvy_branch

Skill      XL: |  1  2  3  4  5  6  7  8  9 |
---------------+----------------------------+-----
Armour         | 4 5 6 7 |  7.1
Shields        | 4 5 |  5.1
Fighting       | 4 5 6 7 |  7.0
Throwing       | 1 2 3 4 5 6 |  6.2
Maces & Flails | 3 4 5 6 8 10 | 10.0
Dodging        | 1 2 3 |  3.8

Action                   |  1- 3 |  4- 6 |  7- 9 || total
-------------------------+-------+-------+-------++-------
Melee: Flail             |    82 |    75 |   170 ||   327
       Headbutt          |    12 |    13 |    54 ||    79
       Dire flail        |       |       |    64 ||    64
Throw: Stone             |    45 |    22 |    11 ||    78
       Javelin           |       |     3 |     4 ||     7
       Boomerang         |       |       |     1 ||     1
  Use: Scroll            |     7 |       |     4 ||    11
       Potion            |       |       |     1 ||     1
Armor: Scale mail        |    23 |       |       ||    23
       Ring mail         |    20 |    23 |   109 ||   152
Dodge: Dodged            |    50 |    26 |   109 ||   185
Block: Buckler           |    18 |    11 |    27 ||    56
